 Dungeon Crawl Stone Soup version 0.30-a0-782-ge64f9170bb (webtiles) character file.

Game seed: 3028307938830788379

3682 donomii the Fighter (level 9, -17/76 HPs)
             Began as a Demonspawn Cinder Acolyte on Feb 25, 2023.
             Was an Initiate of Ignis.
             Demolished by an ogre
             ... wielding a +0 giant spiked club
              (29 damage)
             ... on level 6 of the Dungeon.
             The game lasted 00:54:51 (9415 turns).

donomii the Fighter (Demonspawn Cinder Acolyte)     Turns: 9415, Time: 00:54:52

Health: -17/76     AC:  6    Str: 18    XL:     9   Next: 90%
Magic:  25/25      EV:  5    Int: 21    God:    Ignis [......]
Gold:   397        SH:  0    Dex: 10    Spells: 15/17 levels left

rFire   + . .      SeeInvis .    b - +1 spear (heavy)
rCold   . . .      Faith    .    (no shield)
rNeg    . . .      Spirit   .    l - +0 plate armour
rPois   .          Reflect  .    (helmet restricted)
rElec   .          Harm     .    h - +0 cloak
rCorr   .          Rampage  .    (no gloves)
Will    .....                    f - +0 pair of boots Stlth
                                 (no amulet)
HPRegen 0.32/turn                u - ring of magical power
MPRegen 0.19/turn                J - +6 ring of intelligence

@: corroded, hasted, very quick
A: antennae 1, thin metallic scales 1, spiny 1, demonic magic 2
a: Renounce Religion, Rising Flame


You were on level 6 of the Dungeon.
You worshipped Ignis.
Ignis was noncommittal.
You visited 1 branch of the dungeon, and saw 7 of its levels.

You collected 397 gold pieces.

Inventory:

Hand Weapons
 a - a -1 spear of flaming
 b - a +1 heavy spear (weapon)
 r - a +2 dagger of speed
 s - a +1 whip of electrocution
 w - a +2 short sword of venom
 y - a +0 sling
 H - a +3 short sword
 I - a +2 flail
 L - a +4 dagger
Missiles
 j - 85 stones (quivered)
 p - 48 poisoned darts
 x - 10 boomerangs
 A - a curare-tipped dart
 M - 3 javelins
Armour
 d - a +3 leather armour
 e - a +0 robe
 f - a +0 pair of boots (worn)
 g - +0 steam dragon scales
 h - a +0 cloak (worn)
 l - a +0 plate armour (worn)
 o - a +0 leather armour
Magical Staves
 z - a staff of poison
Jewellery
 u - a ring of magical power (left hand)
 J - a +6 ring of intelligence (right hand)
Wands
 D - a wand of polymorph (14)
Scrolls
 m - a scroll of torment {unknown}
 n - a scroll of amnesia
 q - a scroll of blinking
 t - 2 scrolls of enchant armour
 v - a scroll of enchant weapon
 G - 2 scrolls of fog {unknown}
 K - a scroll of vulnerability {unknown}
 N - a scroll of immolation {unknown}
Potions
 c - a potion of might {unknown}
 i - 3 potions of mutation
 k - 5 potions of curing
 B - a potion of resistance
 C - a potion of attraction
 E - a potion of magic


   Skills:
 + Level 9.1 Fighting
 + Level 8.3 Polearms
 - Level 4.9 Spellcasting
 - Level 5.5 Fire Magic


You had 15 spell levels left.
You knew the following spells:

 Your Spells              Type           Power      Damage    Failure   Level
a - Scorch                Fire           56%        2d8       67%         2

Your spell library contained the following spells:

 Spells                   Type           Power      Damage    Failure   Level
 Shock                    Conj/Air       20%        1d4       99%         1
 Swiftness                Air            5%         N/A       100%        3
 Airstrike                Air            2%         2d(1-17)  100%        4


Dungeon Overview and Level Annotations

Branches:
Dungeon (7/15)             Temple (0/1) D:5

Altars:
Cheibriados
Kikubaaqudgha
Nemelex Xobeh
Qazlal
Ru
Sif Muna
Uskayaw
Xom
Yredelemnul

Shops:
D:3 [   D:5 =

Annotations:
D:4 3 runed translucent doors, TryHard88's ghost, amateur FoFi; ouz's ghost, amateur GrFi; postfeelist's ghost, amateur HOFi


Innate Abilities, Weirdness & Mutations

You have a pair of small antennae on your head.
You are partially covered in thin metallic scales. (AC +2)
You are partially covered in sharp spines.
Spells you cast may paralyse nearby enemies.


Message History

You see here a +0 dagger.
There is a stone staircase leading up here.
You see here a +0 club.
You see here a +0 short sword.
You see here a +0 short sword.
A jelly comes into view.
The jelly quivers.
You hit the jelly. The acid corrodes you!
Your hands burn!
The jelly is lightly wounded.
The jelly hits you but does no damage.
You puncture the jelly!
Your hands burn!
The jelly is almost dead.
The jelly hits you. The acid corrodes you!
You are splashed with acid.
You completely miss the jelly.
The jelly is almost dead.
The jelly barely misses you. The jelly is struck by your spines.
The jelly hits you but does no damage.
There is a stone staircase leading up here.
The ogre closely misses you. The jelly hits you but does no damage.
You climb upwards.
There is a stone staircase leading down here.
You puncture the jelly!
You kill the jelly!
You puncture the ogre!
The ogre is moderately wounded.
The ogre barely misses you.
You completely miss the ogre.
The ogre is moderately wounded.
The ogre is struck by your spines.
The ogre hits you with a +0 giant spiked club!!
You hit the ogre but do no damage.
The ogre is heavily wounded.
You hit the ogre.
The ogre is severely wounded.
The ogre is struck by your spines.
The ogre hits you with a +0 giant spiked club!!
* * * LOW HITPOINT WARNING * * *
You feel yourself speed up.
The ogre hits you with a +0 giant spiked club!!
You die...

#........# #########......#.....
####'#....####### ##'###.#.####
.....#.#........# #.# #.#.....
.....#.########.######.# #.#.####
.....#....)............###.......
..........)>.#####.......########
####.............#.#####.########
#......).....#.##.# #<#......#
##.##########.#.@O.# #.#....<.#
...##########.###### #.#......#
#####............#######.#......#
# #.######.#..................#
#####.# #.#.§≈≈§≈≈≈≈≈.#.######
....#.# #.#.≈.§.....§.#.# ....#.#
#...§.#####S§...# ....#.#
#.#)≈.#.....≈.### ......#
#.#)≈.#._.#.≈.#


You could see an ogre.

Vanquished Creatures
  Maggie (D:7)
  A hornet (D:7)
  Eustachio (D:5)
  2 fire bats (D:4)
  A steam dragon (D:6)
  An ice beast (D:5)
  A black bear (D:4)
  An orc warrior (D:7)
  2 sky beasts
  2 ogres
  2 centaurs
  A phantom (D:4)
  3 kobold brigands
  Blork the orc (D:5)
  A necrophage (D:4)
  A gnoll sergeant (D:4)
  4 scorpions
  3 bullfrogs
  5 wights (D:6)
  A killer bee (D:7)
  A howler monkey (D:6)
  A gnoll bouda (D:7)
  3 hounds
  3 jellies
  2 orc wizards (D:4)
  4 iguanas
  12 gnolls
  6 adders
  2 white imps (D:6)
  3 ufetubi
  A worm (D:3)
  6 dart slugs
  16 orcs
  5 bats
  5 endoplasms
  A giant cockroach (D:1)
  5 hobgoblins
  6 quokkas
  8 ball pythons
  A frilled lizard (D:1)
  3 goblins
  22 kobolds
  5 rats (D:1)
156 creatures vanquished.

Vanquished Creatures (others)
  46 foxfires (D:4)
  2 plants (D:3)
  4 withered plants (D:4)
52 creatures vanquished.

Grand Total: 208 creatures vanquished

Notes
Turn   | Place    | Note
-------+----------+-------------------------------------------
     0 | D:1      | donomii the Demonspawn Cinder Acolyte began the quest for
                  | the Orb.
     0 | D:1      | Reached XP level 1. HP: 18/18 MP: 2/2
   230 | D:1      | Gained mutation: Spells you cast may paralyse adjacent
                  | enemies. [demonic ancestry]
   230 | D:1      | Reached XP level 2. HP: 21/24 MP: 3/3
  1158 | D:2      | Gained mutation: Spells you cast may paralyse nearby
                  | enemies. [demonic ancestry]
  1158 | D:2      | Reached XP level 3. HP: 29/29 MP: 5/5
  1407 | D:2      | Found a faded altar of an unknown god.
  1975 | D:3      | Found a stormy altar of Qazlal.
  2000 | D:3      | Found Xaxih's Antique Armour Emporium.
  2462 | D:3      | Identified the +5 whip of Experimentation {heavy, rC+
                  | Str+2}
  2818 | D:4      | Gained mutation: You are partially covered in sharp spines.
                  | [demonic ancestry]
  2818 | D:4      | Reached XP level 4. HP: 31/36 MP: 5/7
  3073 | D:4      | Learned a level 2 spell: Scorch
  3073 | D:4      | Noticed a scorpion
  3079 | D:4      | Killed a scorpion
  3080 | D:4      | Reached skill level 4 in Fighting
  3080 | D:4      | Reached XP level 5. HP: 42/42 MP: 8/8
  3415 | D:4      | Found a runed translucent gate.
  3415 | D:4      | Found a runed translucent gate.
  3415 | D:4      | Found a runed translucent gate.
  3416 | D:4      | Noticed TryHard88's ghost (amateur FoFi)
  3416 | D:4      | Noticed postfeelist's ghost (amateur HOFi)
  3416 | D:4      | Noticed ouz's ghost (amateur GrFi)
  3436 | D:4      | Reached XP level 6. HP: 38/48 MP: 10/10
  3890 | D:4      | Gained mutation: You are partially covered in thin metallic
                  | scales. (AC +2) [demonic ancestry]
  3890 | D:4      | Reached XP level 7. HP: 53/55 MP: 10/12
  3914 | D:4      | Found a transporter.
  4005 | D:4      | Found a transporter.
  4008 | D:4      | Noticed a fire bat
  4008 | D:4      | Noticed a fire bat
  4220 | D:4      | Reached skill level 5 in Fighting
  4305 | D:4      | Found a hide-covered altar of Uskayaw.
  4601 | D:5      | Entered Level 5 of the Dungeon
  4802 | D:5      | Found Wyholig's Jewellery Emporium.
  5017 | D:5      | Found a staircase to the Ecumenical Temple.
  5307 | D:5      | Noticed Eustachio
  5373 | D:5      | Noticed Blork the orc
  5384 | D:5      | Killed Blork the orc
  5385 | D:5      | Reached skill level 5 in Polearms
  5385 | D:5      | Reached skill level 5 in Fire Magic
  5385 | D:5      | Gained mutation: You have a pair of small antennae on your
                  | head. [demonic ancestry]
  5385 | D:5      | Reached XP level 8. HP: 56/63 MP: 14/14
  5665 | D:5      | Killed Eustachio
  6134 | D:5      | Found a sparkling altar of Nemelex Xobeh.
  6417 | D:4      | Reached skill level 6 in Fighting
  6917 | D:6      | Found a basalt altar of Yredelemnul.
  7188 | D:6      | Found a sacrificial altar of Ru.
  7214 | D:6      | Found a shimmering blue altar of Sif Muna.
  7312 | D:6      | Found an ancient bone altar of Kikubaaqudgha.
  7451 | D:6      | Reached skill level 7 in Fighting
  7457 | D:6      | Reached XP level 9. HP: 72/72 MP: 16/16
  8160 | D:6      | Found a shimmering altar of Xom.
  8517 | D:7      | Found a snail-covered altar of Cheibriados.
  8574 | D:7      | Reached skill level 8 in Fighting
  8755 | D:7      | Noticed Maggie
  8761 | D:7      | Paralysed by a hornet for 1 turns
  8928 | D:7      | Killed Maggie
  8977 | D:7      | Reached skill level 9 in Fighting
  9415 | D:6      | Demolished by an ogre

Illustrated notes

Levels and vault maps discovered:
D:1:      lightli_arrival_windingriver, layout_loops_corners
D:2:      layout_loops_corners, dreamdust_ecumenical_altar_grove
D:3:      layout_basic, mainiacjoe_overflow_24_doors, serial_shops,
          nicolae_shop_overgrown_old_shop, saegor_snake_ambush,
          uniq_crazy_yiuf_cottage
D:4:      gammafunk_cloud_chamber, layout_basic, kennysheep_mini_moat,
          serial_co_window_serial, co_window_corner_a, co_window_corner_a,
          co_window_corner_a, co_window_corner_a, co_window_corner_a,
          co_window_paths_c, co_window_corner_cb, co_window_2corner,
          co_window_of_opportunity_c, co_window_broadway_c,
          co_window_of_opportunity_b, co_window_paths_d, glass_columns_b,
          gammafunk_ghost_cemetery
D:5:      layout_basic, kennysheep_mini, minmay_temple_entry_grid, serial_shops,
          nicolae_shop_waterfront, uniq_eustachio, uniq_blork_the_orc
D:6:      layout_basic, mainiacjoe_overflow_alcove_2, marbit_many_paths,
          mainiacjoe_overflow_brackets, old_standard_altar,
          nicolae_overflow_crystal_walls
D:7:      minmay_skewed_foursquare, layout_cave_pools,
          mainiacjoe_overflow_cross_hatched, mainiacjoe_overflow_alcove_4,
          dk_rats_in_the_wall, uniq_maggie

Skill      XL: |  1  2  3  4  5  6  7  8  9 |
---------------+----------------------------+-----
Polearms       | 3 4 5 6 8 |  8.3
Fire Magic     | 3 4 5 |  5.5
Spellcasting   | 2 3 4 |  4.9
Fighting       | 4 5 7 9 |  9.1

Action                     |  1- 3 |  4- 6 |  7- 9 || total
---------------------------+-------+-------+-------++-------
  Melee: Spear             |   175 |    86 |   373 ||   634
         Punch             |       |     1 |     7 ||     8
   Fire: Sling             |       |       |     3 ||     3
  Throw: Stone             |       |       |     6 ||     6
 Invoke: Fiery Armour      |     4 |     3 |       ||     7
         Foxfire Swarm     |       |     4 |       ||     4
    Use: Scroll            |       |       |    14 ||    14
         Potion            |       |       |     3 ||     3
   Stab: Sleeping          |     1 |       |       ||     1
 Armour: Robe              |    14 |       |       ||    14
         Plate armour      |    65 |    38 |   209 ||   312
  Dodge: Dodged            |    48 |    10 |    82 ||   140

Table legend: (Time is in decaauts)
 A = Elapsed time spent in this place.
 B = Non-inter-level travel time spent in this place.
 C = Inter-level travel time spent in this place.
 D = Time resting spent in this place.
 E = Time spent auto-exploring this place.
 F = Levels seen in this place.
 G = Mean time per level.
                   A        B        C        D        E       F      G
               +--------+--------+--------+--------+--------+-----+--------+
         Total |   9432 |   8893 |    539 |   1319 |   5789 |   7 | 1347.4 |
       Dungeon |   9432 |   8893 |    539 |   1319 |   5789 |   7 | 1347.4 |
               +--------+--------+--------+--------+--------+-----+--------+

Top non-repeatable levels by time:
     D:4: 2497 daAuts
     D:6: 1520 daAuts
     D:5: 1461 daAuts
     D:3: 1056 daAuts
     D:1: 1049 daAuts
     D:7: 1006 daAuts
     D:2: 838 daAuts
